 Dungeon Crawl Stone Soup version 0.19.0-9-gfd783f2 (webtiles) character file.

622 recordrepeat the Chopper (level 7, -3/61 HPs)
             Began as a Hill Orc Fighter on Nov 7, 2016.
             Slain by an ogre
             ... wielding a +0 giant spiked club
              (25 damage)
             ... on level 4 of the Dungeon.
             The game lasted 00:22:00 (3706 turns).

recordrepeat the Chopper (Hill Orc Fighter)         Turns: 3706, Time: 00:22:01

Health: -3/61      AC:  7    Str: 20    XL:     7   Next: 46%
Magic:  7/7        EV:  8    Int:  8    God:
Gold:   146        SH:  9    Dex: 11    Spells: 0 memorised, 6 levels left

rFire  . . .     SeeInvis .     a - +0 war axe
rCold  . . .     Gourm    .     b - +0 scale mail
rNeg   . . .     Faith    .     c - +0 shield
rPois  .         Spirit   .     (no helmet)
rElec  .         Reflect  .     (no cloak)
rCorr  .         Harm     .     (no gloves)
MR     .....                    (no boots)
Stlth  ..........               (no amulet)
                                (no ring)
                                y - ring of wizardry

@: no status effects
A: no striking features
a: no special abilities


You were on level 4 of the Dungeon.
You were not hungry.

You visited 1 branch of the dungeon, and saw 4 of its levels.
You also visited: Sewer.

You collected 146 gold pieces.

Inventory:

Hand Weapons
 a - a +0 war axe (weapon)
 g - a +3 falchion
 p - a +4 falchion of holy wrath
Armour
 b - a +0 scale mail (worn)
 c - a +0 shield (worn)
Jewellery
 y - a ring of wizardry (left hand)
Wands
 v - a wand of iceblast (5/15)
Scrolls
 h - 6 scrolls of identify {unknown}
 i - 3 scrolls of remove curse {unknown}
 j - a scroll of fear {unknown}
 n - a scroll of amnesia {unknown}
 o - a scroll of teleportation {unknown}
 x - a scroll of fog {unknown}
Potions
 d - 4 potions of might
 e - 5 potions of lignification {unknown}
 k - 3 potions of curing {unknown}
 l - a potion of flight {unknown}
 m - 3 potions of brilliance {unknown}
 q - a potion of ambrosia {unknown}
 r - 3 potions of agility {unknown}
 s - a potion of berserk rage {unknown}
 u - 3 potions of heal wounds {unknown}
Comestibles
 f - 4 bread rations
 t - a chunk of flesh
 w - 3 fruits


   Skills:
 + Level 5.1 Fighting
 + Level 7.3 Axes
 + Level 4.5 Armour
 + Level 1.4 Dodging
 + Level 0.3 Stealth
 + Level 4.8 Shields


You had 6 spell levels left.
You didn't know any spells.

Dungeon Overview and Level Annotations

Branches:
Dungeon (4/15)
 Temple: D:4-7

Altars:
Makhleb
Sif Muna
Uskayaw
Vehumet


Message History

Press ? for a list of commands and other information.
An ogre comes into view. It is wielding a giant spiked club.
The ogre shouts!
y - an encrusted bone ring
y - a ring of wizardry (left hand)
A jackal comes into view.
You completely miss the ogre.
The jackal barks!
The ogre hits you with a giant spiked club!
You hit the ogre but do no damage.
The ogre hits you with a giant spiked club!!
You hit the ogre.
The ogre is lightly wounded.
You block the ogre's attack.
You slash the ogre!
The ogre is heavily wounded.
You hit the jackal.
You kill the jackal!
The ogre hits you with a giant spiked club!!
You die...

# #..# #.#.#.#. ##.
.... ..#.#.##
##..#######..#####.#.#
..................#.#
#...#.#...#........#
#.#...#.#.........##
#.....#...#......##
#.....#..#.....>...
#†@...###...#.##.##
#..#O..#..#..#.......
#...#.#...###...##.##
..#(..#...#...#..##.#
....#..#..#.....#.##..
......#####............
.....# #..#.....#..###
...# #...#...#...#
#.#...###....#


You could see an ogre.

Vanquished Creatures
  An ogre (D:4)
  4 big kobolds (Sewer)
  A scorpion (D:4)
  A hound (D:4)
  A worker ant (D:4)
  6 adders
  A worm (D:3)
  4 leopard geckos
  2 orcs
  3 ball pythons
  8 giant cockroaches
  8 goblins
  6 hobgoblins
  A jackal (D:4)
  2 quokkas
  11 bats
  10 frilled lizards
  20 kobolds
  11 rats
101 creatures vanquished.

Notes
Turn   | Place    | Note
-------+----------+-------------------------------------------
     0 | D:1      | recordrepeat the Hill Orc Fighter began the quest for the Orb.
     0 | D:1      | Reached XP level 1. HP: 19/19 MP: 1/1
    59 | D:1      | Reached XP level 2. HP: 25/27 MP: 2/2
   103 | D:1      | Reached skill level 3 in Axes
   340 | D:1      | Reached XP level 3. HP: 31/33 MP: 3/3
   948 | D:2      | Found a burning altar of Makhleb.
  1017 | D:2      | Found a radiant altar of Vehumet.
  1061 | D:2      | Reached skill level 4 in Axes
  1061 | D:2      | Reached XP level 4. HP: 28/40 MP: 4/4
  1881 | D:3      | Found a deep blue altar of Sif Muna.
  1888 | D:3      | Found a hide-covered altar of Uskayaw.
  2340 | D:3      | Reached XP level 5. HP: 17/46 MP: 5/5
  2364 | D:3      | Found a glowing drain.
  2368 | Sewer    | Entered a sewer
  2562 | Sewer    | Noticed a big kobold
  2566 | Sewer    | Reached skill level 1 in Dodging
  2569 | Sewer    | Killed a big kobold
  2569 | Sewer    | Reached skill level 5 in Axes
  2686 | Sewer    | Noticed a big kobold
  2686 | Sewer    | Noticed a big kobold
  2690 | Sewer    | Killed a big kobold
  2690 | Sewer    | Reached XP level 6. HP: 48/53 MP: 6/6
  2697 | Sewer    | Reached skill level 6 in Axes
  3315 | D:4      | Reached skill level 5 in Fighting
  3315 | D:4      | Reached skill level 7 in Axes
  3315 | D:4      | Reached XP level 7. HP: 46/61 MP: 7/7
  3706 | D:4      | Slain by an ogre

Skill      XL: |  1  2  3  4  5  6 |
---------------+-------------------+-----
Axes           | 3 4 5 7 |  7.3
Fighting       | 4 5 |  5.1
Armour         | 4 |  4.5
Dodging        | 1 |  1.4
Shields        | 4 |  4.8
Stealth        | |  0.3

Action                   |  1- 3 |  4- 6 |  7- 9 || total
-------------------------+-------+-------+-------++-------
Melee: War axe           |   104 |   214 |    38 ||   356
  Eat: Chunk             |     1 |     7 |       ||     8
       Pizza             |       |       |     1 ||     1
Armor: Scale mail        |    51 |   106 |    17 ||   174
Dodge: Dodged            |    46 |    76 |    11 ||   133
Block: Shield            |    46 |   111 |    17 ||   174
